 Dungeon Crawl Stone Soup version 0.22.1-1-ga44c0e56f4 (webtiles) character file.

120 Ramireus the Cutter (level 5, -11/34 HPs)
             Began as a Halfling Warper on Oct 24, 2018.
             Was an Initiate of Okawaru.
             Killed by divine providence
             ... invoked by an orc priest
              (15 damage)
             ... on level 3 of the Dungeon.
             The game lasted 00:14:37 (3224 turns).

Ramireus the Cutter (Halfling Warper)               Turns: 3224, Time: 00:14:38

Health: -11/34     AC:  5    Str: 12    XL:     5   Next: 25%
Magic:  8/8        EV: 15    Int: 12    God:    Okawaru [......]
Gold:   98         SH:  0    Dex: 14    Spells: 4/8 levels left

rFire    . . .     SeeInvis .   q - +1 dagger (holy)
rCold    . . .     Gourm    .   (shield restricted)
rNeg     . . .     Faith    .   b - +0 leather armour
rPois    .         Spirit   .   o - +0 helmet
rElec    .         Reflect  .   g - +0 cloak
rCorr    .         Harm     .   (no gloves)
MR       .....                  (no boots)
Stlth    +.........             (no amulet)
HPRegen  0.11/turn              k - ring of wizardry
MPRegen  0.11/turn              (no ring)

@: no status effects
A: small, mutation resistance 1
a: Renounce Religion


You were on level 3 of the Dungeon.
You worshipped Okawaru.
Okawaru was noncommittal.
You were not hungry.

You visited 1 branch of the dungeon, and saw 4 of its levels.

You collected 98 gold pieces.

Inventory:

Hand Weapons
 q - a +1 dagger of holy wrath (weapon)
Missiles
 c - 34 stones (quivered)
 e - 5 tomahawks of dispersal
 r - 3 silver tomahawks
Armour
 b - a +0 leather armour (worn)
 g - a +0 cloak (worn)
 o - a +0 helmet (worn)
Jewellery
 k - a ring of wizardry (left hand)
Scrolls
 d - a scroll of blinking
 h - 5 scrolls of identify {unknown}
 i - 4 scrolls of remove curse {unknown}
 l - 3 scrolls of random uselessness {unknown}
 p - 2 scrolls of immolation {unknown}
 s - a scroll of teleportation {unknown}
Potions
 a - a potion of might {unknown}
 j - 2 potions of heal wounds {unknown}
 m - a potion of flight {unknown}
 n - 2 potions of curing {unknown}
 t - a potion of resistance {unknown}
 u - a potion of agility {unknown}
 v - a potion of lignification {unknown}
Comestibles
 f - 2 rations


   Skills:
 + Level 2.2 Fighting
 + Level 3.6 Short Blades
 + Level 1.7 Throwing
 + Level 2.2 Armour
 + Level 2.9 Dodging
 + Level 2.0 Spellcasting
 + Level 0.4 Charms
 + Level 3.4 Translocations


You had 4 spell levels left.
You knew the following spells:

 Your Spells              Type           Power        Failure   Level  Hunger
a - Blink                 Tloc           N/A          5%          2    ###....
b - Shroud of Golubria    Chrm/Tloc      #.........   10%         2    ###....

Your spell library contained the following spells:

 Spells                   Type           Power        Failure   Level  Hunger
 Gell's Gravitas          Tloc           #.........   11%         3    ####...
 Lesser Beckoning         Tloc           #.........   11%         3    ####...
 Teleport Other           Tloc           #.......     11%         3    ####...
 Passage of Golubria      Tloc           N/A          32%         4    #####..


Dungeon Overview and Level Annotations

Branches:
Dungeon (4/15)
 Temple: D:4-7

Altars:
Okawaru
Vehumet


Innate Abilities, Weirdness & Mutations

You are small and have problems with some larger weapons.
You are somewhat resistant to further mutation.


Message History

* * * LOW HITPOINT WARNING * * *
You closely miss the orc priest.
The orc priest hits you but does no damage.
The orc priest mumbles some strange prayers to Beogh against you.
You barely resist.
An orc comes into view. It is wielding a trident.
The orc shouts!
The orc moves out of view.
A jackal comes into view.
The orc priest looks braver for a moment.
The orc priest calls down the wrath of Beogh upon you.
Beogh smites you!
* * * LOW HITPOINT WARNING * * *
The orc priest looks encouraged for a moment.
The orc priest looks satisfied for a moment.
There is an open door here.
You see here a dagger.
The orc priest invokes the aid of Beogh against you.
Beogh smites you!
You die...

#...................# #....
#...................########
#.................o.'....o..
#....####....).....o########
##+#................#
#.####...........# #.#
#.......o...# #.#
##...........# #.#
#...@.)......#
#............###
##'###+####.....#
##...##.####..#..#
##⌠...⌠##.....#_#.#
#.......##.#...#..#
#.<÷⌠.>.##.##.....#
#.......##.########
##⌠.<.⌠##..#


You could see 2 orc priests.

Vanquished Creatures
  4 adders
  2 oozes
  A leopard gecko (D:1)
  12 orcs
  A ball python (D:3)
  2 giant cockroaches
  8 hobgoblins
  2 jackals (D:3)
  3 kobolds
  3 quokkas
  9 bats
  4 frilled lizards
  5 goblins
  5 rats
61 creatures vanquished.

Notes
Turn   | Place    | Note
-------+----------+-------------------------------------------
     0 | D:1      | Ramireus the Halfling Warper began the quest for the Orb.
     0 | D:1      | Reached XP level 1. HP: 14/14 MP: 3/3
   158 | D:1      | Reached XP level 2. HP: 18/19 MP: 4/4
   162 | D:1      | Learned a level 2 spell: Blink
   165 | D:1      | Learned a level 2 spell: Shroud of Golubria
   569 | D:1      | Reached XP level 3. HP: 14/24 MP: 5/5
  1613 | D:2      | Found a radiant altar of Vehumet.
  1853 | D:2      | Reached XP level 4. HP: 23/29 MP: 6/6
  2615 | D:3      | Found an iron altar of Okawaru.
  2666 | D:3      | Became a worshipper of Warmaster Okawaru
  2846 | D:3      | Reached XP level 5. HP: 32/34 MP: 4/7
  3224 | D:3      | Killed from afar by an orc priest

Skill      XL: |  1  2  3  4  5 |
---------------+----------------+-----
Fighting       | 2 |  2.2
Short Blades   | 3 |  3.6
Armour         | 2 |  2.2
Spellcasting   | 2 |  2.0
Throwing       | |  1.7
Dodging        | |  2.9
Charms         | |  0.4
Translocations | |  3.4

Action                   |  1- 3 |  4- 6 || total
-------------------------+-------+-------++-------
Melee: Short sword       |    98 |       ||    98
       Dagger            |    19 |   139 ||   158
Throw: Stone             |    65 |   100 ||   165
 Cast: Shroud of Golubri |     3 |    10 ||    13
       Blink             |     1 |     2 ||     3
 Stab: Sleeping          |       |     1 ||     1
  Eat: Chunk             |     3 |     6 ||     9
Armor: Leather armour    |    30 |    46 ||    76
Dodge: Dodged            |    81 |   132 ||   213
